 Dungeon Crawl Stone Soup version 0.28-a0-779-g3d1f99b579 (webtiles) character file.

Game seed: 2606261322338270740

5 meatgazer the Skirmisher (level 1, -10/18 HPs)
             Began as a Demonspawn Abyssal Knight on Nov 2, 2021.
             Was a Follower of Lugonu.
             Blown up by a great orb of eyes (28 damage)
             ... with a mindburst bolt
             ... on level 3 of the Abyss.
             The game lasted 00:01:18 (125 turns).

meatgazer the Skirmisher (Demonspawn Abyssal Knight) Turns: 125, Time: 00:01:19

Health: -10/18     AC:  3    Str: 13    XL:     1   Next: 66%
Magic:  2/2        EV: 11    Int: 11    God:    Lugonu [*.....]
Gold:   0          SH:  0    Dex: 13    Spells: 0/0 levels left

rFire   . . .      SeeInvis .   a - +1 falchion
rCold   . . .      Faith    .   (no shield)
rNeg    . . .      Spirit   .   b - +0 leather armour
rPois   .          Reflect  .   (no helmet)
rElec   .          Harm     .   (no cloak)
rCorr   .          Rampage  .   (no gloves)
Will    .....                   (no boots)
Stlth   +.........              (no amulet)
HPRegen 0.06/turn               (no ring)
MPRegen 0.08/turn               (no ring)

@: hasted, very quick
A: no striking features
a: Renounce Religion, Depart the Abyss


You were on level 3 of the Abyss.
You worshipped Lugonu.
Lugonu was aware of your devotion.
You visited 0 branches of the dungeon, and saw 0 of its levels.
You visited the Abyss 1 time.

Inventory:

Hand Weapons
 a - a +1 falchion (weapon)
Armour
 b - a +0 leather armour (worn)
Scrolls
 e - a scroll of amnesia {unknown}


   Skills:
 + Level 3.2 Fighting
 + Level 1.8 Long Blades
 + Level 1.8 Armour
 + Level 0.9 Dodging
 + Level 2.5 Invocations


You couldn't memorise any spells.
You didn't know any spells.
Your spell library was empty.

Dungeon Overview and Level Annotations

Branches:
Dungeon (0/15)

Altars:


Message History

You plunge deeper into the Abyss.
The abyssal rune of Zot can be found at this depth.
Found a spear.
Found a gateway leading out of the Abyss.
You see here a +0 spear.
An ufetubus comes into view.
e - a scroll labelled ORUOPT NUSU
Found a spear.
The ufetubus closely misses you. The ufetubus hits you.
You hit the ufetubus.
The ufetubus is moderately wounded.
The ufetubus hits you. The ufetubus barely misses you. x2
The ufetubus closely misses you.
You closely miss the ufetubus.
The ufetubus is moderately wounded.
The ufetubus hits you.
The ufetubus hits you but does no damage.
The ufetubus closely misses you. The ufetubus hits you.
You miss the ufetubus.
The ufetubus is moderately wounded.
The ufetubus closely misses you. The ufetubus completely misses you.
The ufetubus hits you but does no damage.
The ufetubus barely misses you.
You hit the ufetubus but do no damage.
The ufetubus is moderately wounded.
The ufetubus completely misses you. The ufetubus hits you.
The ufetubus completely misses you. The ufetubus misses you.
You slash the ufetubus!
You kill the ufetubus!
You start resting.
There is a strange disturbance nearby!
It was a potion of curing.
You feel better.
You hear a chilling moan.
It was a potion of haste.
You feel yourself speed up.
Found a scroll labelled DAONEITOUPP.
A great orb of eyes comes into view.
The great orb of eyes turns its gaze towards you.
The great orb of eyes gazes at you.
Your mind is blasted!
Ouch! That really hurt!
You die...

#. . # #. #..## #. . .
.## .... .. .. ...#
....... ... .
..#.G##..##.. #.#...
#.#..##..##).# .#. .
#..##...................
#............ ...#....
#@.##..##..##..##.
#.#..##..##..##..##.
#..................
#..................
##..##..##..##..##.
#..#.##..#.#..# .#
..##.# #........###
###... #....#..#?. #...
# .#........


You could see a great orb of eyes.

Vanquished Creatures
  An ufetubus (Abyss:3)
1 creature vanquished.

Notes
Turn   | Place    | Note
-------+----------+-------------------------------------------
     0 | Abyss:1  | meatgazer the Demonspawn Abyssal Knight began the quest for
                  | the Orb.
     0 | Abyss:1  | Reached XP level 1. HP: 18/18 MP: 2/2
    63 | Abyss:2  | Noticed a large abomination
   123 | Abyss:3  | Noticed a great orb of eyes
   125 | Abyss:3  | Blown up by a great orb of eyes

Illustrated notes

Levels and vault maps discovered:
Abyss:3:  base: Temple, due_exit_kobolds, hangedman_abyss_or_decor_clamps

Action                   || total
-------------------------++-------
Melee: Falchion          ||     5
  Use: Potion            ||     2
Armor: Leather armour    ||     2
Dodge: Dodged            ||    11

Table legend: (Time is in decaauts)
 A = Elapsed time spent in this place.
 B = Non-inter-level travel time spent in this place.
 C = Inter-level travel time spent in this place.
 D = Time resting spent in this place.
 E = Time spent auto-exploring this place.
 F = Levels seen in this place.
 G = Mean time per level.
                   A        B        C        D        E       F      G
               +--------+--------+--------+--------+--------+-----+--------+
         Total |    121 |    121 |      0 |     23 |     56 |   3 |   40.3 |
         Abyss |    121 |    121 |      0 |     23 |     56 |   3 |   40.3 |
               +--------+--------+--------+--------+--------+-----+--------+

Top non-repeatable levels by time:
 Abyss:3: 54 daAuts
 Abyss:1: 50 daAuts
 Abyss:2: 16 daAuts
